MLB
CINCINNATI REDS @ ST. LOUIS CARDINALS
04/26/2019
 
TOP OF THE 1ST
Cincinnati Reds batting - Pitching for St. Louis Cardinals : RHP Chris Bassitt
Pitching: RHP Chris Bassitt
Batting: RHB Trea Turner 0-0: Ball
1-0: Called Strike
1-1: Ball
2-1: SINGLE (Flyball, 7S, EV 96.9 MPH)
Batting: LHB Robinson Cano 0-0: Ball
1-0: Called Strike
1-1: Fly out, F8 (Line Drive, 8LM, EV 94.4 MPH)
Batting: SHB Adalberto Mondesi 0-0: Ball
1-0: Fly out, F6 (Popup, 6D, EV 55.6 MPH)
Batting: LHB Joey Gallo 0-0: Ball
1-0: Called Strike
Trea Turner steals 2nd base
1-1: 2-RUN HOME RUN (Flyball, 89XD, EV 106.9 MPH), Distance : 388 ft
Batting: LHB Ji-man Choi 0-0: Called Strike
0-1: Ball
1-1: Swinging Strike
1-2: Strikes out swinging
Top of the 1st over - 2 runs, 2 hits, 0 errors, 0 left on base; Cincinnati 2 - St. Louis 0
BOTTOM OF THE 1ST
St. Louis Cardinals batting - Pitching for Cincinnati Reds : LHP Dallas Keuchel
Pitching: LHP Dallas Keuchel
Batting: SHB Ozzie Albies 0-0: SOLO HOME RUN (Flyball, 7D, EV 103.1 MPH), Distance : 380 ft
Batting: RHB Alex Bregman 0-0: Swinging Strike
0-1: Called Strike
0-2: Foul Ball, location: 2F
0-2: Ball
1-2: Ball
2-2: SINGLE (Groundball, 56D, EV 103.8 MPH)
Batting: RHB Jose Alberto Martinez 0-0: Ball
1-0: Foul Ball, location: 2F
1-1: Foul Ball, location: 2F
1-2: Foul Ball, location: 2F
1-2: Foul Ball, location: 2F
1-2: Ball
2-2: Foul Ball, location: 2F
2-2: Foul Ball, location: 2F
2-2: Grounds into double play, 4-6-3 (Groundball, 4, EV 80.0 MPH)
Batting: RHB Harrison Bader 0-0: Called Strike
0-1: Ball
1-1: Ball
2-1: Ball
3-1: Foul Ball, location: 2F
3-2: Strikes out looking
Bottom of the 1st over - 1 run, 2 hits, 0 errors, 0 left on base; Cincinnati 2 - St. Louis 1
TOP OF THE 2ND
Cincinnati Reds batting - Pitching for St. Louis Cardinals : RHP Chris Bassitt
Batting: RHB Francisco Cervelli 0-0: Ball
1-0: Ball
2-0: Ball
3-0: Base on Balls
Batting: RHB Phil Ervin 0-0: Ball
1-0: Called Strike
1-1: Foul Ball, location: 2F
1-2: Fly out, F9 (Flyball, 9LD, EV 105.0 MPH)
Batting: LHB Jarrod Dyson 0-0: SINGLE (Flyball, 34D, EV 89.4 MPH)
Francisco Cervelli to second
Batting: LHB Dallas Keuchel 0-0: Fly out, F7 (Flyball, 7D, EV 105.0 MPH)
Runner from 2nd tags up, SAFE at 3rd with throw by LF
Batting: RHB Trea Turner 0-0: Ball
1-0: Swinging Strike
1-1: Ball
2-1: Foul Ball, location: 2F
2-2: Ball
3-2: Ground out 5-3 (Groundball, 56S, EV 84.4 MPH)
Top of the 2nd over - 0 runs, 1 hit, 0 errors, 2 left on base; Cincinnati 2 - St. Louis 1
BOTTOM OF THE 2ND
St. Louis Cardinals batting - Pitching for Cincinnati Reds : LHP Dallas Keuchel
Batting: LHB Matt Olson 0-0: Called Strike
0-1: DOUBLE (Flyball, 8LXD, EV 92.5 MPH)
Batting: LHB Brett Phillips 0-0: Foul Ball, location: 2F
0-1: Swinging Strike
0-2: Ball
1-2: Ground out 1-3 (Groundball, 34S, EV 73.8 MPH)
Matt Olson to third
Batting: RHB Yan Gomes 0-0: Called Strike
0-1: Ball
1-1: Swinging Strike
1-2: Strikes out swinging
Batting: RHB Hernan Perez 0-0: Called Strike
0-1: DOUBLE (Flyball, 7LD, EV 115.0 MPH)
Matt Olson scores
Batting: RHB Chris Bassitt 0-0: Foul Ball, location: 2F
0-1: Ball
1-1: Fly out, F4 (Popup, 23, EV 81.9 MPH)
Bottom of the 2nd over - 1 run, 2 hits, 0 errors, 1 left on base; Cincinnati 2 - St. Louis 2
TOP OF THE 3RD
Cincinnati Reds batting - Pitching for St. Louis Cardinals : RHP Chris Bassitt
Batting: LHB Robinson Cano 0-0: Ball
1-0: Called Strike
1-1: Ball
2-1: Ball
3-1: Foul Ball, location: 2F
3-2: Foul Ball, location: 2F
3-2: Foul Ball, location: 2F
3-2: Base on Balls
Batting: SHB Adalberto Mondesi 0-0: Swinging Strike
0-1: Fielders Choice at 2nd, 5-4 (Groundball, 56, EV 86.9 MPH)
Batting: LHB Joey Gallo 0-0: Ball
Adalberto Mondesi is caught stealing 2nd base 2-6
1-0: Ball
2-0: Swinging Strike
2-1: Foul Ball, location: 2F
2-2: Foul Ball, location: 2F
2-2: Strikes out swinging
Top of the 3rd over - 0 runs, 0 hits, 0 errors, 0 left on base; Cincinnati 2 - St. Louis 2
BOTTOM OF THE 3RD
St. Louis Cardinals batting - Pitching for Cincinnati Reds : LHP Dallas Keuchel
Batting: SHB Ozzie Albies 0-0: Bunt for hit to 15 - play at first, batter OUT! 1-3
Batting: RHB Alex Bregman 0-0: Called Strike
0-1: Ball
1-1: Ball
2-1: Fly out, F7 (Flyball, 7LS, EV 90.6 MPH)
Batting: RHB Jose Alberto Martinez 0-0: Ball
1-0: Foul Ball, location: 2F
1-1: Ball
2-1: SINGLE (Flyball, 8LS, EV 97.5 MPH) - OUT at second base trying to stretch hit.
Bottom of the 3rd over - 0 runs, 1 hit, 0 errors, 0 left on base; Cincinnati 2 - St. Louis 2
TOP OF THE 4TH
Cincinnati Reds batting - Pitching for St. Louis Cardinals : RHP Chris Bassitt
Batting: LHB Ji-man Choi 0-0: Ball
1-0: Swinging Strike
1-1: Fly out, F7 (Flyball, 7D, EV 90.0 MPH)
Batting: RHB Francisco Cervelli 0-0: Ball
1-0: Called Strike
1-1: Ball
2-1: Ground out 5-3 (Groundball, 5, EV 88.8 MPH)
Batting: RHB Phil Ervin 0-0: DOUBLE (Flyball, 78D, EV 86.9 MPH)
Batting: LHB Jarrod Dyson 0-0: Intentional Walk
Batting: LHB Dallas Keuchel 0-0: Called Strike
0-1: Ball
1-1: Foul Ball, location: 2F
1-2: Ball
2-2: Foul Ball, location: 2F
2-2: Strikes out swinging
Top of the 4th over - 0 runs, 1 hit, 0 errors, 2 left on base; Cincinnati 2 - St. Louis 2
BOTTOM OF THE 4TH
St. Louis Cardinals batting - Pitching for Cincinnati Reds : LHP Dallas Keuchel
Batting: RHB Harrison Bader 0-0: SINGLE (Flyball, 89M, EV 88.1 MPH)
Batting: LHB Matt Olson 0-0: Called Strike
0-1: Foul Ball, location: 2F
0-2: Ball
1-2: Fly out, F6 (Flyball, 6D, EV 88.1 MPH)
Batting: LHB Brett Phillips 0-0: Ball
1-0: Called Strike
1-1: Ball
2-1: Fielders Choice at 2nd, 6-4 (Groundball, 6, EV 103.1 MPH)
Batting: RHB Yan Gomes 0-0: SINGLE (Groundball, 6MD, EV 98.8 MPH)
Brett Phillips to second
Batting: RHB Hernan Perez 0-0: Ball
1-0: Ball
2-0: Ball
3-0: Base on Balls
Brett Phillips to third
Yan Gomes to second
Batting: RHB Chris Bassitt 0-0: Swinging Strike
0-1: Ball
1-1: Ball
2-1: Ball
3-1: Ground out 4-3 (Groundball, 4, EV 83.8 MPH)
Bottom of the 4th over - 0 runs, 2 hits, 0 errors, 3 left on base; Cincinnati 2 - St. Louis 2
TOP OF THE 5TH
Cincinnati Reds batting - Pitching for St. Louis Cardinals : RHP Chris Bassitt
Batting: RHB Trea Turner 0-0: Bunt for hit to 2L - play at first, batter safe!
Batting: LHB Robinson Cano 0-0: Called Strike
0-1: Grounds into double play, 6-4-3 (Groundball, 6M, EV 85.0 MPH)
Batting: SHB Adalberto Mondesi 0-0: Foul Ball, location: 2F
0-1: Ball
1-1: Ball
2-1: Called Strike
2-2: Strikes out swinging
Top of the 5th over - 0 runs, 1 hit, 0 errors, 0 left on base; Cincinnati 2 - St. Louis 2
BOTTOM OF THE 5TH
St. Louis Cardinals batting - Pitching for Cincinnati Reds : LHP Dallas Keuchel
Batting: SHB Ozzie Albies 0-0: Swinging Strike
0-1: Ball
1-1: Swinging Strike
1-2: Ball
2-2: Ball
3-2: Ground out 1-3 (Groundball, 25, EV 83.1 MPH)
Batting: RHB Alex Bregman 0-0: Swinging Strike
0-1: DOUBLE (Line Drive, 9LM, EV 93.1 MPH)
Batting: RHB Jose Alberto Martinez 0-0: Called Strike
0-1: Ball
1-1: Called Strike
1-2: Foul Ball, location: 2F
1-2: Ground out 1-3 (Groundball, 15S, EV 69.4 MPH)
Batting: RHB Harrison Bader 0-0: Fly out, F5 (Popup, 56S, EV 69.4 MPH)
Bottom of the 5th over - 0 runs, 1 hit, 0 errors, 1 left on base; Cincinnati 2 - St. Louis 2
TOP OF THE 6TH
Cincinnati Reds batting - Pitching for St. Louis Cardinals : RHP Chris Bassitt
Batting: LHB Joey Gallo 0-0: Foul Ball, location: 2F
0-1: Ball
1-1: Ball
2-1: Ground out 4-3 (Groundball, 4, EV 103.1 MPH)
Batting: LHB Ji-man Choi 0-0: Foul Ball, location: 2F
0-1: Fly out, F9 (Flyball, 9LDF, EV 110.6 MPH)
Batting: RHB Francisco Cervelli 0-0: Ball
1-0: Ball
2-0: Ball
3-0: Called Strike
3-1: Fly out, F8 (Line Drive, 8RD, EV 95.6 MPH)
Top of the 6th over - 0 runs, 0 hits, 0 errors, 0 left on base; Cincinnati 2 - St. Louis 2
BOTTOM OF THE 6TH
St. Louis Cardinals batting - Pitching for Cincinnati Reds : LHP Dallas Keuchel
Batting: LHB Matt Olson 0-0: Called Strike
0-1: Ball
1-1: Fly out, F8 (Flyball, 8LM, EV 88.8 MPH)
Batting: LHB Brett Phillips 0-0: Ball
1-0: Called Strike
1-1: Called Strike
1-2: Ball
2-2: Fly out, F4 (Line Drive, 4, EV 68.1 MPH)
Batting: RHB Yan Gomes 0-0: Ball
1-0: Swinging Strike
1-1: Called Strike
1-2: Strikes out swinging
Bottom of the 6th over - 0 runs, 0 hits, 0 errors, 0 left on base; Cincinnati 2 - St. Louis 2
TOP OF THE 7TH
Cincinnati Reds batting - Pitching for St. Louis Cardinals : RHP Chris Bassitt
Batting: RHB Phil Ervin 0-0: Foul Ball, location: 2F
0-1: Ball
1-1: Ball
2-1: Ball
3-1: SOLO HOME RUN (Flyball, 7D, EV 111.3 MPH), Distance : 373 ft
Batting: LHB Jarrod Dyson 0-0: Ground out 1-3 (Groundball, 23, EV 68.8 MPH)
Pinch Hitting: RHB Chad Pinder 0-0: Ball
1-0: DOUBLE (Flyball, 89D, EV 95.0 MPH)
Batting: RHB Trea Turner 0-0: Called Strike
0-1: Swinging Strike
0-2: Ball
1-2: Ground out 6-3 (Groundball, 6, EV 107.5 MPH)
Batting: LHB Robinson Cano 0-0: Ball
1-0: Ball
2-0: Ball
3-0: Called Strike
3-1: Base on Balls
Pitching: RHP Zac Reininger
Batting: SHB Adalberto Mondesi 0-0: Ball
1-0: Called Strike
1-1: Ball
2-1: 3-RUN HOME RUN (Flyball, 9LD, EV 93.1 MPH), Distance : 346 ft
Batting: LHB Joey Gallo 0-0: Foul Ball, location: 2F
0-1: Ball
1-1: Foul Ball, location: 2F
1-2: Ball
2-2: Foul Ball, location: 2F
2-2: Ball
3-2: Strikes out looking
Top of the 7th over - 4 runs, 3 hits, 0 errors, 0 left on base; Cincinnati 6 - St. Louis 2
BOTTOM OF THE 7TH
St. Louis Cardinals batting - Pitching for Cincinnati Reds : LHP Dallas Keuchel
Pitching: RHP Edgar Santana
Batting: RHB Hernan Perez 0-0: Called Strike
0-1: Ball
1-1: Foul Ball, location: 2F
1-2: Foul Ball, location: 2F
1-2: Ball
2-2: Ball
3-2: SINGLE (Groundball, 56D, EV 96.3 MPH)
Pinch Hitting: LHB Austin Meadows 0-0: Ball
1-0: Called Strike
1-1: Called Strike
1-2: Ball
2-2: Strikes out swinging
Hernan Perez steals 2nd base
Batter strikes out.
Batting: SHB Ozzie Albies 0-0: Ball
1-0: Ball
2-0: Ground out 4-3 (Groundball, 4, EV 90.0 MPH)
Hernan Perez to third
Batting: RHB Alex Bregman 0-0: Swinging Strike
0-1: Called Strike
0-2: Ball
1-2: Ball
2-2: Foul Ball, location: 2F
2-2: Foul Ball, location: 2F
2-2: SINGLE (Line Drive, 6D, EV 95.0 MPH)
Hernan Perez scores
Pitching: RHP Bruce Rondon
Batting: RHB Jose Alberto Martinez 0-0: Foul Ball, location: 2F
0-1: Swinging Strike
0-2: Hit by Pitch
Alex Bregman to second
Batting: RHB Harrison Bader 0-0: Ball
1-0: Called Strike
1-1: Ground out 4-3 (Groundball, 4MS, EV 63.1 MPH)
Bottom of the 7th over - 1 run, 2 hits, 0 errors, 2 left on base; Cincinnati 6 - St. Louis 3
TOP OF THE 8TH
Cincinnati Reds batting - Pitching for St. Louis Cardinals : RHP Zac Reininger
Pitching: RHP Cory Gearrin
Batting: LHB Ji-man Choi 0-0: Called Strike
0-1: Ball
1-1: Foul Ball, location: 2F
1-2: Ball
2-2: Foul Ball, location: 2F
2-2: Ball
3-2: Base on Balls
Batting: RHB Francisco Cervelli 0-0: Ball
1-0: Ball
2-0: Fly out, F9 (Flyball, 9S, EV 76.9 MPH)
Batting: RHB Phil Ervin 0-0: Foul Ball, location: 2F
0-1: Swinging Strike
0-2: Ball
1-2: Ball
2-2: Ball
3-2: Strikes out swinging
Batting: LHB Jarrod Dyson 0-0: Ball
1-0: Ball
2-0: Ball
3-0: Called Strike
3-1: Foul Ball, location: 2F
3-2: DOUBLE (Line Drive, 89D, EV 106.9 MPH)
Ji-man Choi to third
Ji-man Choi scores
Pinch Hitting: RHB Hanley Ramirez 0-0: Ball
1-0: Ball
2-0: Ball
3-0: Base on Balls
Pitching: LHP David Oca
Batting: RHB Trea Turner 0-0: Swinging Strike
0-1: Ball
1-1: Ball
2-1: Foul Ball, location: 2F
2-2: Fly out, F9 (Flyball, 9D, EV 97.5 MPH)
Top of the 8th over - 1 run, 1 hit, 0 errors, 2 left on base; Cincinnati 7 - St. Louis 3
BOTTOM OF THE 8TH
St. Louis Cardinals batting - Pitching for Cincinnati Reds : RHP Bruce Rondon
Pitching: LHP Ryan Sherriff
Batting: LHB Matt Olson 0-0: Swinging Strike
0-1: Ball
1-1: Foul Ball, location: 2F
1-2: Ball
2-2: Ball
3-2: SOLO HOME RUN (Line Drive, 9D, EV 100.6 MPH), Distance : 379 ft
Batting: LHB Brett Phillips 0-0: Ball
1-0: Swinging Strike
1-1: Ball
2-1: SINGLE (Groundball, 6MD, EV 98.8 MPH)
Batting: RHB Yan Gomes 0-0: Called Strike
0-1: Called Strike
0-2: Ball
1-2: Ball
2-2: Foul Ball, location: 2F
2-2: Strikes out swinging
Batting: RHB Hernan Perez 0-0: Ball
1-0: Ball
2-0: Foul Ball, location: 2F
2-1: Ball
3-1: Foul Ball, location: 2F
3-2: Strikes out swinging
Pinch Hitting: LHB Juan Soto 0-0: Foul Ball, location: 2F
0-1: Ball
1-1: Ball
2-1: Fly out, F8 (Flyball, 8RM, EV 90.0 MPH)
Bottom of the 8th over - 1 run, 2 hits, 0 errors, 1 left on base; Cincinnati 7 - St. Louis 4
TOP OF THE 9TH
Cincinnati Reds batting - Pitching for St. Louis Cardinals : LHP David Oca
Pitching: RHP Marcos Diplan
Batting: LHB Robinson Cano 0-0: Ball
1-0: Called Strike
1-1: Called Strike
1-2: Ball
2-2: Ball
3-2: Fly out, F5 (Popup, 5F, EV 64.4 MPH)
Batting: SHB Adalberto Mondesi 0-0: SINGLE (Line Drive, 4D, EV 100.0 MPH)
Batting: LHB Joey Gallo 0-0: Ball
1-0: Ball
2-0: Ball
3-0: Base on Balls
Adalberto Mondesi to second
Batting: LHB Ji-man Choi 0-0: Swinging Strike
0-1: Called Strike
0-2: Ball
1-2: Ball
2-2: Fly out, F5 (Popup, 56S, EV 81.9 MPH)
Batting: RHB Francisco Cervelli 0-0: Ball
1-0: Swinging Strike
1-1: Called Strike
1-2: Foul Ball, location: 2F
1-2: Ball
2-2: Ball
3-2: Foul Ball, location: 2F
3-2: Ground out 6-3 (Groundball, 6, EV 78.8 MPH)
Top of the 9th over - 0 runs, 1 hit, 0 errors, 2 left on base; Cincinnati 7 - St. Louis 4
BOTTOM OF THE 9TH
St. Louis Cardinals batting - Pitching for Cincinnati Reds : LHP Ryan Sherriff
Pitching: RHP Richard Rodriguez
Now at C: Brian McCann
Batting: SHB Ozzie Albies 0-0: Foul Ball, location: 2F
0-1: Swinging Strike
0-2: Foul Ball, location: 2F
0-2: Strikes out looking
Batting: RHB Alex Bregman 0-0: Ground out 6-3 (Groundball, 6, EV 111.3 MPH)
Batting: RHB Jose Alberto Martinez 0-0: Called Strike
0-1: Ball
1-1: Ball
2-1: Called Strike
2-2: Ball
3-2: SINGLE (Line Drive, 6M, EV 98.8 MPH)
Batting: RHB Harrison Bader 0-0: Ball
1-0: Called Strike
1-1: Foul Ball, location: 2F
1-2: Foul Ball, location: 2F
1-2: Strikes out looking
Bottom of the 9th over - 0 runs, 1 hit, 0 errors, 1 left on base; Cincinnati 7 - St. Louis 4
Monday, July 29th, 2019 - OOTP Baseball 20.6 Build 54